 Dungeon Crawl Stone Soup version 0.31-a0-188-g5e087ee2ca (webtiles) character file.

Game seed: 2159941218832340552

126 qw the Skirmisher (level 4, -3/25 HPs)
             Began as a Deep Elf Hunter on June 23, 2023.
             Slain by a kobold brigand
             ... wielding a +0 club
              (6 damage)
             ... in a sewer.
             The game lasted 00:00:41 (1555 turns).

qw the Skirmisher (Deep Elf Hunter)                 Turns: 1555, Time: 00:00:42

Health: -3/25      AC:  5    Str: 10    XL:     4   Next: 83%
Magic:  6/6        EV: 11    Int: 14    God:
Gold:   40         SH:  0    Dex: 23    Spells: 3/3 levels left

rFire   x . .        Y - +0 shortbow
rCold   . . .        (shield currently unavailable)
rNeg    . . .        f - +0 ring mail
rPois   .            (no helmet)
rElec   .            (no cloak)
rCorr   .            (no gloves)
SInv    .            (no boots)
Will    .....        c - amulet of Laforac {Faith rF- Dex+5}
Stlth   ++           (no ring)
HPRegen 0.24/turn    (no ring)
MPRegen 0.10/turn

%: faith
@: about to teleport
A: no striking features
a: no special abilities


You were in a sewer.
You visited 1 branch of the dungeon, and saw 3 of its levels.
You also visited: Sewer.

You collected 40 gold pieces.


   Skills:
 - Level 1.5 Fighting
 + Level 8.2 Ranged Weapons
 - Level 2.4 Dodging
 - Level 1.2 Stealth


You had 3 spell levels left.
You didn't know any spells.
Your spell library was empty.

Inventory:

Hand Weapons
 Y - a +0 shortbow (weapon)
Armour
 f - a +0 ring mail (worn)
Jewellery
 c - the amulet of Laforac (around neck) {Faith rF- Dex+5}
   (You found it on level 2 of the Dungeon)

   [amulet of faith]

   It allows you to gain divine favour quickly.
   Dex:       It affects your dexterity (+5).
   rF:        It makes you vulnerable to fire.
 e - an amulet of regeneration
Scrolls
 i - a scroll of identify
Potions
 b - a potion of degeneration {unknown}
 h - 3 potions of curing
 j - a potion of haste {unknown}
 k - 2 potions of heal wounds {unknown}
 n - a potion of cancellation {unknown}

Dungeon Overview and Level Annotations

Branches:
Dungeon (3/15)              Sewer (1/1)

Altars:


Message History

Moving in this stuff is going to be slow.
You enter the shallow water.
Moving in this stuff is going to be slow.
You enter the shallow water.
Moving in this stuff is going to be slow.
You enter the shallow water.
Moving in this stuff is going to be slow.
A kobold brigand and a river rat come into view.
The kobold brigand is wielding a +0 club and quivering curare-tipped darts.
Enter note:
1545 ||| Stepping ~*~*~tactically~*~*~ (water).
You shoot an arrow. The arrow hits the kobold brigand!
The kobold brigand is moderately wounded.
You shoot an arrow. The arrow hits the kobold brigand!
The kobold brigand is heavily wounded.
You shoot an arrow. The arrow hits the river rat.
The river rat is heavily wounded.
You shoot an arrow.
The arrow hits the river rat but does no damage.
The river rat is heavily wounded.
You shoot an arrow. The arrow hits the river rat.
The river rat is severely wounded.
The river rat bites you.
You shoot an arrow. The arrow hits the river rat.
The river rat is almost dead.
The river rat bites you.
You shoot an arrow. The arrow hits the river rat.
You kill the river rat!
You shoot an arrow.
The arrow closely misses the kobold brigand.
The kobold brigand hits you with a +0 club.
You shoot an arrow.
The arrow hits the kobold brigand but does no damage.
The kobold brigand is heavily wounded.
The kobold brigand hits you with a +0 club!
1555 ||| READING scroll of teleportation.
As you read the scroll of teleportation, it crumbles to dust.
You feel strangely unstable.
The kobold brigand hits you with a +0 club.
You die...

#. .# #~ r#~ ~# #~ ~#~ ~# ~#~
~#~ .~~ ~~~ #~# #~# #~# #~#
#K###.# #~@~~.# ##.~.## #~~.#
#.~.# #~.~## ~ ###### #.~.~##
.. .~~).##### #~~~..#####...
####.~.~~########~.~~~~~~~~~~
.~~~~###~~~..~.####.~.~..~~.#


You could see a kobold brigand.

Vanquished Creatures
  6 adders
  A river rat (Sewer)
  5 worms
  A dart slug (D:1)
  A ball python (D:1)
  7 endoplasms
  6 giant cockroaches
  3 goblins
  3 hobgoblins
  5 kobolds
  A quokka (D:1)
  2 bats (D:2)
  2 frilled lizards
  4 rats
47 creatures vanquished.

Notes
Turn   | Place    | Note
-------+----------+-------------------------------------------
     0 | D:1      | qw the Deep Elf Hunter began the quest for the Orb.
     0 | D:1      | Reached XP level 1. HP: 12/12 MP: 3/3
     0 | D:1      | 0 ||| qw: Version: 0.3-a-9-g12657ce
     0 | D:1      | 0 ||| qw: Game counter: 3098
     0 | D:1      | 0 ||| qw: Always use a shield: true
     0 | D:1      | 0 ||| qw: God list: Okawaru
     0 | D:1      | 0 ||| qw: Allow faded altars: false
     0 | D:1      | 0 ||| qw: Do Orc after D:15 true
     0 | D:1      | 0 ||| qw: Do second Lair branch before Depths: true
     0 | D:1      | 0 ||| qw: Lair rune preference: random
     0 | D:1      | 0 ||| qw: Plans: Normal
     0 | D:1      | 0 ||| PLANNING D:1-11
   123 | D:1      | Reached XP level 2. HP: 16/16 MP: 4/4
   139 | D:1      | Reached skill level 6 in Ranged Weapons
   508 | D:1      | 508 ||| FLEEEEING.
   589 | D:1      | 589 ||| UPGRADING to +0 ring mail.
   599 | D:1      | 599 ||| DROPPING +0 leather armour.
   600 | D:1      | 600 ||| DROPPING ring of wizardry.
   601 | D:1      | 601 ||| READING 2 scrolls labelled TAH ONIRUIBA.
   606 | D:1      | 606 ||| READING scroll labelled TAASCH XIANAE.
   607 | D:1      | 607 ||| READING scroll labelled QAOTOKHL QITULE.
   608 | D:1      | 608 ||| READING 2 scrolls labelled JEL GEWKERY.
   609 | D:1      | 609 ||| READING scroll labelled JYUNIT LURYDU.
   610 | D:1      | 610 ||| DROPPING scroll of butterflies.
   706 | D:2      | Reached XP level 3. HP: 16/20 MP: 5/5
   712 | D:2      | Reached skill level 7 in Ranged Weapons
   814 | D:2      | Identified the amulet of Laforac {Faith rF- Dex+5}
  1121 | D:2      | Reached XP level 4. HP: 25/25 MP: 6/6
  1220 | D:2      | 1220 ||| UPGRADING to amulet of Laforac {Faith rF- Dex+5}.
  1225 | D:2      | 1225 ||| READING scroll labelled AGIYSI YCHA.
  1226 | D:2      | 1226 ||| DRINKING 4 ruby potions.
  1256 | D:3      | Found a glowing drain.
  1257 | D:3      | 1257 ||| PLANNING SEWER
  1257 | D:3      | 1257 ||| STAIRDANCE
  1341 | Sewer    | Entered a sewer
  1381 | Sewer    | 1381 ||| Stepping ~*~*~tactically~*~*~ (water).
  1383 | Sewer    | 1383 ||| Stepping ~*~*~tactically~*~*~ (water).
  1391 | Sewer    | Reached skill level 8 in Ranged Weapons
  1444 | Sewer    | 1444 ||| Stepping ~*~*~tactically~*~*~ (water).
  1544 | Sewer    | Noticed a kobold brigand
  1545 | Sewer    | 1545 ||| Stepping ~*~*~tactically~*~*~ (water).
  1554 | Sewer    | HP: 3/25 [kobold brigand/+0 club (8)]
  1555 | Sewer    | 1555 ||| READING scroll of teleportation.
  1555 | Sewer    | Slain by a kobold brigand

Levels and vault maps discovered:
D:1:      roderic_crossed_star, layout_loops_ring, st_stairs_6
D:2:      layout_rooms, serial_bayou_ford_a
D:3:      layout_rooms, nicolae_overflow_hidden_temple,
          mainiacjoe_overflow_large_starburst,
          shapermc_ecumenical_altar_mp_ritualfount, gup_sewer_entry_glass
Sewer:    sewer_co_tree

Skill      XL: |  1  2  3  4 |
---------------+-------------+-----
Ranged Weapons | 6 7 8 |  8.2
Fighting       | |  1.5
Dodging        | |  2.4
Stealth        | |  1.2

Action                     |  1- 3 |  4- 6 || total
---------------------------+-------+-------++-------
   Fire: Shortbow          |   103 |    47 ||   150
    Use: Scroll            |     5 |     2 ||     7
         Potion            |       |     1 ||     1
 Armour: Leather armour    |     6 |       ||     6
         Ring mail         |    14 |     7 ||    21
  Dodge: Dodged            |    23 |    14 ||    37

Table legend:
 A = Non-vault XP
 B = Vault XP
 C = Vault XP percentage of total XP
 D = Non-vault monster count
 E = Vault monster count
 F = Vault count percentage of total count
                 A         B        C        D         E       F
            +---------+---------+-------+---------+---------+-------
      Total |      97 |      83 |  46.1 |      32 |      15 |  31.9
            +---------+---------+-------+---------+---------+-------
        D:1 |      31 |       4 |  11.4 |      16 |       2 |  11.1
        D:2 |      66 |       0 |   0.0 |      16 |       0 |   0.0
        D:3 |       0 |      33 | 100.0 |       0 |       5 | 100.0
      Sewer |       0 |      46 | 100.0 |       0 |       8 | 100.0
            +---------+---------+-------+---------+---------+-------
